 Dungeon Crawl Stone Soup version 0.18.1-8-gdd0e5ea (webtiles) character file.

74 MARSONE the Shield-Bearer (level 4, -5/29 HPs)
             Began as a Gargoyle Fighter on May 23, 2016.
             Killed by divine providence
             ... invoked by an orc priest
              (10 damage)
             ... on level 3 of the Dungeon.
             The game lasted 00:12:49 (2257 turns).

MARSONE the Shield-Bearer (Gargoyle Fighter)        Turns: 2257, Time: 00:12:50

Health: -5/29      AC: 12    Str: 26    XL:     4   Next: 30%
Magic:  4/4        EV:  6    Int:  8    God:
Gold:   107        SH: 10    Dex:  9    Spells: 0 memorised, 3 levels left

rFire  . . .     SeeInvis .     a - +0 flail
rCold  . . .     Gourm    .     k - +0 chain mail
rNeg   + . .     Faith    .     c - +0 shield
rPois  ∞         Spirit   .     (no helmet)
rElec  +         Dismiss  .     (no cloak)
rCorr  .         Reflect  .     (no gloves)
SustAt .         Harm     .     (no boots)
MR     .....                    (no amulet)
Stlth  ..........               (no ring)
                                (no ring)

@: mighty, not resistant to hostile enchantments, extremely unstealthy
A: negative energy resistance 1, electricity resistance, unbreathing,
petrification resistance, rot immunity, AC +3
a: no special abilities


You were on level 3 of the Dungeon.
You were hungry.

You visited 1 branch of the dungeon, and saw 3 of its levels.

You collected 107 gold pieces.

Inventory:

Hand Weapons
 a - a +0 flail (weapon)
Missiles
 h - 56 stones (quivered)
Armour
 b - a +0 scale mail
 c - a +0 shield (worn)
 k - a +0 chain mail (worn)
Scrolls
 e - a scroll of identify {unknown}
 j - 3 scrolls of blinking {unknown}
 l - a scroll of amnesia {unknown}
 m - a scroll of enchant armour {unknown}
Potions
 i - 2 potions of curing {unknown}
Comestibles
 f - 3 bread rations
 n - 4 fruits


   Skills:
 + Level 3.7 Fighting
 + Level 2.6 Maces & Flails
 + Level 3.8 Armour
 - Level 0.4 Dodging
 + Level 4.1 Shields


You had 3 spell levels left.
You didn't know any spells.

Dungeon Overview and Level Annotations

Branches:
Dungeon (3/15)

Altars:
Vehumet
Xom
Zin


Innate Abilities, Weirdness & Mutations

You are resistant to torment.
Your stone body is resilient (AC +3).
You are immune to poison.
You resist negative energy.
You are resistant to electric shocks.
You can survive without breathing.
You are immune to petrification.
You are immune to rotting.


Message History

The jackal is almost dead.
The jackal bites you but does no damage.
The jackal barely misses you.
You closely miss the jackal.
The jackal is almost dead.
You block the jackal's attack. The jackal closely misses you.
You closely miss the jackal.
The jackal is almost dead.
The jackal closely misses you.
The jackal bites you but does no damage.
You sock the jackal!
You kill the jackal!
You miss the kobold. You block the kobold's attack.
Your shield and chain mail prevent you from hitting the kobold.
The kobold hits you but does no damage.
You sock the kobold!
You kill the kobold!
The orc priest invokes the aid of Beogh against you.
Beogh smites you!
You die... .... ...## ...8 o.. ##g. #go

#g# #o# ##@#
##..# ###..##
#....##
#...<.##
#......#
#......#
#......#
#####......##
#


You could see an orc priest, 2 orcs and 3 goblins.

Vanquished Creatures
  An adder (D:2)
  An ooze (D:2)
  A worm (D:2)
  A dart slug (D:1)
  7 bats
  A giant cockroach (D:2)
  7 goblins
  A hobgoblin (D:2)
  14 jackals
  11 kobolds
  A quokka (D:2)
  4 rats
50 creatures vanquished.

Vanquished Creatures (others)
  A dart slug (D:2)
1 creature vanquished.

Grand Total: 51 creatures vanquished

Notes
Turn   | Place    | Note
--------------------------------------------------------------
     0 | D:1      | MARSONE the Gargoyle Fighter began the quest for the Orb.
     0 | D:1      | Reached XP level 1. HP: 14/14 MP: 1/1
   274 | D:1      | Reached XP level 2. HP: 19/19 MP: 2/2
   512 | D:1      | Reached XP level 3. HP: 22/23 MP: 3/3
  1457 | D:2      | Found a radiant altar of Vehumet.
  1505 | D:2      | Reached skill level 4 in Shields
  1600 | D:2      | Found a faded altar to an unknown god.
  1845 | D:2      | Found a shimmering altar of Xom.
  1846 | D:2      | Noticed an angel
  1847 | D:2      | Found a glowing silver altar of Zin.
  1853 | D:2      | Reached XP level 4. HP: 28/28 MP: 4/4
  2257 | D:3      | Killed from afar by an orc priest

Skill      XL: |  1  2  3 |
---------------+----------+-----
Shields        | 4 |  4.1
Fighting       | |  3.7
Maces & Flails | |  2.6
Armour         | |  3.8
Dodging        | |  0.4

Action                   |  1- 3 |  4- 6 || total
-------------------------+-------+-------++-------
Melee: Flail             |   220 |    57 ||   277
  Use: Potion            |       |     1 ||     1
  Eat: Bread ration      |     1 |       ||     1
Armor: Scale mail        |    95 |       ||    95
       Chain mail        |    16 |    37 ||    53
Dodge: Dodged            |    69 |    16 ||    85
Block: Shield            |    95 |    29 ||   124
